 Dungeon Crawl Stone Soup version 0.28.0-53-g5a82cb258f (webtiles) character file.

Game seed: 9522141081227931766

2933 Jerry the Protected (level 9, -1/71 HPs)
             Began as a Demigod Fighter on July 29, 2022.
             Killed by divine providence
             ... invoked by an orc priest
              (10 damage)
             ... on level 9 of the Dungeon.
             The game lasted 00:32:59 (7824 turns).

Jerry the Protected (Demigod Fighter)               Turns: 7824, Time: 00:33:00

Health: -1/71      AC: 16    Str: 25    XL:     9   Next: 26%
Magic:  11/11      EV: 10    Int: 10    God:
Gold:   368        SH:  6    Dex: 17    Spells: 8/8 levels left

rFire   . . .      SeeInvis .   s - +2 mace (protect)
rCold   + . .      Faith    .   c - +0 buckler
rNeg    . . .      Spirit   .   B - +2 leather armour {rC+}
rPois   .          Reflect  .   (no helmet)
rElec   .          Harm     .   p - +0 cloak
rCorr   +          Rampage  .   o - +2 pair of gloves
Will    .....                   x - +0 pair of boots
Stlth   +.........              (no amulet)
HPRegen 0.21/turn               u - +4 ring of protection
MPRegen 0.12/turn               e - ring of resist corrosion

@: no status effects
A: high MP 1, forlorn, divine attributes
a: no special abilities


You were on level 9 of the Dungeon.
You visited 2 branches of the dungeon, and saw 10 of its levels.

You collected 368 gold pieces.

Inventory:

Hand Weapons
 l - a +0 whip
 s - a +2 mace of protection (weapon)
Missiles
 b - 2 throwing nets (quivered)
Armour
 c - a +0 buckler (worn)
 o - a +2 pair of gloves (worn)
 p - a +0 cloak (worn)
 x - a +0 pair of boots (worn)
 B - a +2 leather armour of cold resistance (worn)
Magical Staves
 n - a staff of cold
Jewellery
 e - a ring of resist corrosion (right hand)
 h - a ring of flight
 u - a +4 ring of protection (left hand)
 y - a ring of positive energy
Wands
 d - a wand of flame (5)
 D - a wand of iceblast (9)
Scrolls
 a - a scroll of identify
 G - a scroll of teleportation
Potions
 j - 5 potions of curing
 m - a potion of lignification
 r - a potion of attraction
 v - a potion of invisibility
 z - a potion of brilliance {unknown}
 A - a potion of mutation {unknown}
 C - 2 potions of degeneration {unknown}
 E - a potion of heal wounds {unknown}
 F - a potion of ambrosia {unknown}


   Skills:
 - Level 4.0 Fighting
 + Level 7.9 Maces & Flails
 + Level 8.1 Armour
 - Level 5.2 Shields


You had 8 spell levels left.
You didn't know any spells.
Your spell library contained the following spells:

 Spells                   Type           Power      Damage    Failure   Level
 Beastly Appendage        Tmut           0%         N/A       50%         1
 Sandblast                Erth           0%         2d4       50%         1
 Blink                    Tloc           0%         N/A       63%         2
 Passwall                 Tmut/Erth      0%         N/A       63%         2
 Wereblood                Tmut           0%         N/A       63%         2
 Lesser Beckoning         Tloc           0%         N/A       86%         3
 Spider Form              Tmut/Pois      0%         N/A       86%         3
 Stone Arrow              Conj/Erth      0%         3d7       86%         3
 Manifold Assault         Tloc           0%         N/A       100%        5


Dungeon Overview and Level Annotations

Branches:
Dungeon (9/15)             Temple (1/1) D:7
   Lair: D:8-11         Orc: D:9-12

Shops:
D:6 *

Annotations:
D:8 Maurice


Innate Abilities, Weirdness & Mutations

You have an increased reservoir of magic. (+10% MP)
You shall have no god before yourself.
Your divine heritage dramatically boosts your attributes as you level up.


Message History

You hit the warg but do no damage. The warg bites you!
You hit the warg.
The warg is lightly wounded.
The warg bites you but does no damage.
You hit the warg but do no damage.
The warg is lightly wounded.
The warg bites you but does no damage.
A warg comes into view.
The warg barely misses you.
You barely miss the warg.
The warg is lightly wounded.
The warg howls!
You block the warg's attack.
You hit the warg but do no damage.
The warg is lightly wounded.
The warg closely misses you.
An orc priest comes into view. It is wielding a +0 hand axe of venom.
An orc comes into view. It is wielding a +0 mace.
You miss the warg.
The warg is lightly wounded.
The orc priest shouts!
The warg bites you but does no damage. The warg closely misses you.
You sock the warg!
The warg is heavily wounded.
The warg bites you.
The warg pauses to sniff the ground.
The warg bites you.
A centaur comes into view.
You block the warg's attack.
The centaur moves out of view.
The warg pauses to sniff the ground.
The centaur shouts!
The centaur wields a +0 shortbow.
The centaur shoots an arrow.
The arrow hits you. The warg bites you!
* * * LOW HITPOINT WARNING * * *
The warg bites you.
* * * LOW HITPOINT WARNING * * *
The centaur shoots an arrow.
You block the arrow.
The orc priest mumbles some strange prayers to Beogh against you.
Beogh smites you!
You die...

...o..o......# .......
........##).####.......
........###o.##...#....
........###.......#..# .
....###..............#..
..#. #...........c......
. # ##........h#.......
#....###.h#.......
...... #..@....##
.......#..##.....#
......##.# #..#...# ...
## ...# ..# .... ##
#..... ###...# ..##


You could see 2 wargs, a centaur and an orc priest.

Vanquished Creatures
  A hydra (D:7)
  Eustachio (D:5)
  A wyvern (D:7)
  A steam dragon (D:7)
  A warg (D:9)
  4 ice beasts
  A sky beast (D:5)
  A necrophage (D:7)
  An ogre (D:7)
  Blork the orc (D:5)
  3 bullfrogs (D:8)
  3 centaur zombies (D:7)
  3 crimson imps (D:4)
  A bullfrog zombie (D:7)
  2 orc priests
  3 jellies
  2 bullfrog skeletons
  2 centaur skeletons
  4 iguanas
  4 orc wizards
  A hound zombie (D:5)
  A hound skeleton (D:4)
  A howler monkey zombie (D:8)
  4 adders
  A howler monkey skeleton (D:5)
  A shadow imp (D:5)
  An ufetubus (D:4)
  2 adder skeletons (D:4)
  2 worms
  4 dart slugs
  16 orcs
  7 ball pythons
  5 endoplasms
  3 giant cockroaches
  5 goblins
  5 hobgoblins
  2 jackals (D:3)
  4 kobolds
  2 quokkas
  11 bats
  4 frilled lizards
  12 rats
134 creatures vanquished.

Vanquished Creatures (others)
  6 plants (D:6)
6 creatures vanquished.

Grand Total: 140 creatures vanquished

Notes
Turn   | Place    | Note
-------+----------+-------------------------------------------
     0 | D:1      | Jerry the Demigod Fighter began the quest for the Orb.
     0 | D:1      | Reached XP level 1. HP: 18/18 MP: 3/3
   139 | D:1      | Reached XP level 2. HP: 25/25 MP: 4/4
   573 | D:2      | Reached skill level 3 in Armour
   723 | D:2      | Reached XP level 3. HP: 30/31 MP: 5/5
  1748 | D:3      | Reached XP level 4. HP: 18/38 MP: 6/6
  2552 | D:4      | Reached XP level 5. HP: 43/45 MP: 7/7
  2626 | D:4      | You fall into a shaft and drop 2 floors!
  2626 | D:6      | Found Cauter's Gadget Gallery.
  3391 | D:5      | Entered Level 5 of the Dungeon
  3603 | D:5      | Reached XP level 6. HP: 51/52 MP: 8/8
  3656 | D:5      | Reached skill level 4 in Armour
  3762 | D:5      | Noticed Blork the orc
  3770 | D:5      | Killed Blork the orc
  4716 | D:4      | Reached XP level 7. HP: 58/59 MP: 9/9
  5350 | D:6      | Noticed Eustachio
  5360 | D:5      | Killed Eustachio
  5361 | D:5      | Reached skill level 5 in Armour
  5361 | D:5      | Reached skill level 5 in Shields
  5668 | D:7      | Found a staircase to the Ecumenical Temple.
  5691 | D:7      | Reached skill level 5 in Maces & Flails
  5729 | Temple   | Entered the Ecumenical Temple
  5988 | D:7      | Reached XP level 8. HP: 66/66 MP: 10/10
  6204 | D:7      | Noticed a two-headed ogre
  6370 | D:7      | Noticed a five-headed hydra
  6419 | D:7      | Killed a five-headed hydra
  6420 | D:7      | Reached skill level 7 in Armour
  7079 | D:7      | Reached XP level 9. HP: 27/71 MP: 11/11
  7622 | D:8      | Noticed Maurice
  7709 | D:8      | Reached skill level 8 in Armour
  7824 | D:9      | Killed from afar by an orc priest

Illustrated notes

Levels and vault maps discovered:
D:1:      minmay_arrival_diagonal_passages, layout_rooms,
          ebering_ecumenical_altar_mist, minivault_19
D:2:      layout_loops_ring, lemuel_old_faithful
D:3:      layout_basic, mainiacjoe_overflow_catwalk_spiral,
          corexii_item_surrounded_by_moat
D:4:      minmay_wonky_spiral, layout_rooms, ashenzari_conservatory_becter,
          nicolae_overflow_hidden_temple, led_xom_imps
D:5:      layout_basic, minmay_fountain_box, nicolae_underground_beach,
          uniq_blork_the_orc
D:6:      layout_layer_cave, mainiacjoe_overflow_alcove_4, nicolae_shop_gadgets,
          uniq_eustachio
D:7:      kennysheep_big_flooded_room, layout_basic, temple_doors_e,
          corexii_checkpoint_a
D:8:      layout_rooms, hex_medium, uniq_maurice
D:9:      layout_cave_pools, erik_lair_orcish_takeover, david_orc_4
Temple:   nicolae_temple_figure_eight

Skill      XL: |  1  2  3  4  5  6  7  8  9 |
---------------+----------------------------+-----
Maces & Flails | 2 3 4 5 7 |  7.9
Shields        | 3 4 5 |  5.2
Fighting       | 3 4 |  4.0
Armour         | 3 4 5 7 8 |  8.1

Action                   |  1- 3 |  4- 6 |  7- 9 || total
-------------------------+-------+-------+-------++-------
Melee: Flail             |    51 |       |       ||    51
       Whip              |   118 |    26 |       ||   144
       Mace              |       |   172 |   244 ||   416
Evoke: Wand              |       |       |     3 ||     3
  Use: Potion            |       |       |     2 ||     2
       Scroll            |       |       |    11 ||    11
Armor: Scale mail        |    80 |    78 |       ||   158
       Leather armour    |       |    32 |   152 ||   184
Dodge: Dodged            |    67 |    85 |   115 ||   267
Block: Buckler           |    35 |    41 |    83 ||   159
